 Dungeon Crawl Stone Soup version 0.21.1-1-g345015f (webtiles) character file.

53 tester123 the Sneak (level 3, -9/25 HPs)
             Began as an Octopode Assassin on July 29, 2018.
             Killed by divine providence
             ... invoked by an orc priest
              (11 damage)
             ... on level 2 of the Dungeon.
             The game lasted 00:06:07 (928 turns).

tester123 the Sneak (Octopode Assassin)              Turns: 928, Time: 00:06:09

Health: -9/25      AC:  1    Str: 10    XL:     3   Next: 87%
Magic:  3/3        EV: 13    Int: 13    God:
Gold:   38         SH:  0    Dex: 14    Spells: 2/2 levels left

rFire    . . .     SeeInvis .   a - +2 dagger
rCold    . . .     Gourm    .   (no shield)
rNeg     . . .     Faith    .   (helmet restricted)
rPois    .         Spirit   .   (no amulet)
rElec    .         Reflect  .   (no ring)
rCorr    .         Harm     .   (no ring)
MR       .....                  (no ring)
Stlth    ++++......             (no ring)
HPRegen  0.08/turn              (no ring)
MPRegen  0.08/turn              (no ring)
                                (no ring)
                                (no ring)

@: lethally poisoned (-9 -> -10)
A: almost no armour, stealthy swim, amphibious, 8 rings, constrict 8, camouflage
1, gelatinous body 1
a: no special abilities


You were on level 2 of the Dungeon.
You were not hungry.

You visited 1 branch of the dungeon, and saw 2 of its levels.

You collected 38 gold pieces.

Inventory:

Hand Weapons
 a - a +2 dagger (weapon)
 b - a +0 blowgun
 g - a +0 dagger of holy wrath
 j - a +0 dagger
 n - a +0 spear
Missiles
 c - 8 poisoned needles
 d - 2 curare-tipped needles
Scrolls
 e - a scroll of remove curse {unknown}
 i - a scroll of noise {unknown}
Potions
 h - 3 potions of heal wounds {unknown}
 k - a potion of mutation {unknown}
 l - a potion of ambrosia {unknown}
 m - a potion of agility {unknown}
Comestibles
 f - 5 rations


   Skills:
 + Level 2.5 Fighting
 + Level 2.4 Short Blades
 - Level 2.0 Throwing
 + Level 1.7 Dodging
 * Level 6.2 Stealth


You had 2 spell levels left.
You didn't know any spells.

Dungeon Overview and Level Annotations

Branches:
Dungeon (2/15)

Altars:


Innate Abilities, Weirdness & Mutations

You cannot wear most types of armour.
You are very stealthy in the water. (Stealth+)
You are amphibious.
You can wear up to eight rings at the same time.
You can use your tentacles to constrict eight enemies at once.
Your skin changes colour to match your surroundings (Stealth+).
Your rubbery body absorbs attacks. (AC +1, EV +1)


Message History

The orc priest is moderately wounded.
You constrict the orc priest.
You feel sick.
The orc priest hits you but does no damage.
The giant cockroach closely misses you.
You hit the orc priest.
The orc priest is heavily wounded.
You constrict the orc priest, but do no damage.
The leopard gecko bites you.
* * * LOW HITPOINT WARNING * * *
The orc priest hits you but does no damage.
The giant cockroach bites you.
* * * LOW HITPOINT WARNING * * *
You hit the orc priest.
You squeeze the orc priest, but do no damage.
The orc priest is almost dead.
You constrict the orc priest. The leopard gecko bites you.
* * * LOW HITPOINT WARNING * * *
The orc priest calls down the wrath of Beogh upon you.
Beogh smites you!
You die...

.b. #... ..
....###.. ...
........# ....
....##.<###....
....#..†.......
............!..
.<.#.b.(.......
...#...lo.!....
.......@s......
.......††......
...........#...
#....
##..##......#..
.##.... ##..
..........
.?.#...
.....#....#..#.
..##..
#.....##..####...
#.....
###.##.#..##
....### #...
..........#
.....##..


You could see an orc priest, a leopard gecko, a giant cockroach and a bat.

Vanquished Creatures
  A gnoll (D:1)
  An adder (D:2)
  A worm (D:2)
  A dart slug (D:1)
  A leopard gecko (D:1)
  A giant cockroach (D:1)
  A goblin (D:1)
  5 hobgoblins
  A quokka (D:2)
  2 ball pythons (D:1)
  5 bats
  A frilled lizard (D:1)
  7 kobolds
  3 rats (D:1)
31 creatures vanquished.

Notes
Turn   | Place    | Note
-------+----------+-------------------------------------------
     0 | D:1      | tester123 the Octopode Assassin began the quest for the Orb.
     0 | D:1      | Reached XP level 1. HP: 14/14 MP: 1/1
   147 | D:1      | Reached XP level 2. HP: 18/19 MP: 2/2
   384 | D:1      | Reached XP level 3. HP: 24/24 MP: 3/3
   474 | D:1      | Reached skill level 6 in Stealth
   928 | D:2      | Killed from afar by an orc priest

Skill      XL: |  1  2  3 |
---------------+----------+-----
Stealth        | 6 |  6.2
Fighting       | |  2.5
Short Blades   | |  2.4
Throwing       | |  2.0
Dodging        | |  1.7

Action                   || total
-------------------------++-------
Melee: Dagger            ||    55
       Constrict         ||    12
       Tentacles         ||     9
 Stab: Sleeping          ||    11
       Distracted        ||     1
Armor: Skin              ||     4
Dodge: Dodged            ||    30
